Map: Torches LE

Players

ManlyManMeat - Winner!

  • Race: Zerg Zerg
  • League: Diamond
  • Spawn Location: 5:00

VOD

Have the link to the VOD?

Description

Time

  • Played on: June 22, 2025, 2:25 p.m.
  • Length: 5:03
Show
View Real Time Build Order
Export as new Build Order

ManlyManMeat Zerg - Winner!

Build Orders:  

Get SALT Encoding   

  12  0:11  Drone  
  12  0:12  Drone  
  14  0:40  Spawning Pool  
  14  0:43  Drone  
  14  0:57  Overlord  
  14  1:10  Extractor  
  14  1:11  Drone  
  14  1:35  Hatchery  
  13  1:45  Zergling x4  
  15  1:51  Zergling x2  
  16  2:01  Zergling x2  
  17  2:18  Zergling x2  
  18  2:29  Queen  
  20  2:35  Zergling x2  
  21  2:52  Zergling x2  
  21  3:23  Zergling x6  
  23  3:37  Zergling x4  
  25  3:45  Metabolic Boost  
  24  3:56  Zergling x4  
  26  4:02  Zergling x4  
  28  4:23  Overlord x2  
Tags
 
League
Diamond
Matchup
Co-op
Replay Pack
Myownreplay2
Add a new tag
Caveats
  • Supply blocks, unpowered buildings, or Contaminate may cause inaccurate times.
  • Supply counts are checked every 10 seconds.